 Dungeon Crawl Stone Soup version 0.30-a0-585-g93115170b9 (webtiles) character file.

Game seed: 14160349119013897555

106 bande the Trooper (level 4, -1/29 HPs)
             Began as a Gargoyle Fighter on Jan 2, 2023.
             Slain by a black bear (11 damage)
             ... on level 5 of the Dungeon.
             The game lasted 00:02:27 (1554 turns).

bande the Trooper (Gargoyle Fighter)                Turns: 1554, Time: 00:02:28

Health: -1/29      AC: 13    Str: 20    XL:     4   Next: 84%
Magic:  4/4        EV:  9    Int:  8    God:
Gold:   133        SH:  4    Dex: 11    Spells: 3/3 levels left

rFire   . . .      SeeInvis .    a - +0 war axe
rCold   . . .      Faith    .    c - +0 buckler
rNeg    + . .      Spirit   .    b - +0 scale mail
rPois   ∞          Reflect  .    (no helmet)
rElec   +          Harm     .    j - +0 cloak
rCorr   .          Rampage  .    (no gloves)
Will    .....                    g - +0 pair of boots Stlth
                                 (no amulet)
HPRegen 0.24/turn                (no ring)
MPRegen 0.09/turn                (no ring)

@: no status effects
A: sickness immunity, AC +3, negative energy resistance 1, electricity
resistance, torment resistance 1, petrification resistance
a: no special abilities


You were on level 5 of the Dungeon.
You visited 1 branch of the dungeon, and saw 4 of its levels.

You collected 133 gold pieces.

Inventory:

Hand Weapons
 a - a +0 war axe (weapon)
Armour
 b - a +0 scale mail (worn)
 c - a +0 buckler (worn)
 g - a +0 pair of boots (worn)
 j - a +0 cloak (worn)
Jewellery
 e - the amulet "Esiqum" {Faith -Cast rC++ Regen+ Stlth+}
   (You found it on level 2 of the Dungeon)

   [amulet of faith]

   It allows you to gain divine favour quickly.
   rC:        It greatly protects you from cold.
   -Cast:     It prevents spellcasting.
   Regen:     It increases your rate of health regeneration.
   Stlth:     It makes you more stealthy.
Scrolls
 k - a scroll of magic mapping {unknown}
Potions
 d - a potion of might
 f - 3 potions of curing
 h - a potion of haste {unknown}
 i - a potion of mutation


   Skills:
 + Level 4.0 Fighting
 + Level 3.2 Axes
 + Level 3.9 Armour
 - Level 0.1 Dodging
 + Level 3.7 Shields


You had 3 spell levels left.
You didn't know any spells.
Your spell library contained the following spells:

 Spells                   Type           Power      Damage    Failure   Level
 Ozocubu's Armour         Ice            0%         N/A       99%         3
 Ozocubu's Refrigeration  Ice            0%         4d7       100%        7


Dungeon Overview and Level Annotations

Branches:
Dungeon (3/15)

Altars:


Innate Abilities, Weirdness & Mutations

You are immune to sickness and miasma.
Your stone body is resilient. (AC +3)
You are immune to poison.
You resist negative energy. (rN+)
You are resistant to electric shocks. (rElec)
You are resistant to unholy torment.
You are immune to petrification.


Message History

The black bear growls angrily.
The black bear closely misses you. You block the black bear's attack.
The black bear claws you but does no damage.
You hit the black bear.
The black bear is lightly wounded.
The black bear bites you. The black bear closely misses you.
The black bear claws you but does no damage.
You slash the black bear!
The black bear is heavily wounded.
You block the black bear's attack. The black bear claws you.
The black bear closely misses you.
You hit the black bear.
The black bear is severely wounded.
The black bear bites you but does no damage.
The black bear claws you. You block the black bear's attack.
The black bear bites you but does no damage.
The black bear claws you but does no damage. x2
You barely miss the black bear.
The black bear is severely wounded.
The black bear closely misses you.
The black bear claws you but does no damage. x2
You hit the black bear.
The black bear is severely wounded.
The black bear closely misses you. The black bear completely misses you.
The black bear claws you but does no damage.
You barely miss the black bear.
The black bear is severely wounded.
The black bear bites you but does no damage.
The black bear barely misses you. x2; The black bear goes berserk!
You barely miss the black bear.
The black bear is severely wounded.
The black bear barely misses you. You block the black bear's attack.
The black bear claws you. The black bear bites you. The black bear misses you.
The black bear claws you.
You closely miss the black bear.
The black bear is severely wounded.
You block the black bear's attack.
The black bear claws you but does no damage. x2
The black bear bites you!
You die...

#.# #.# #=# #.#
#### #.# ####.
.....##.####.#
.....
...h.........#
......
.....##h######
...#. ... #@#
...# # #.# #..##
#.############
#...##
####.#<.........#
.### #..#
#....#########.##
.....##.####.####
#.# #.......#.#
#.# #.......#.#
#.# #.........#
#.#


You could see a black bear (berserk).

Vanquished Creatures
  5 adders (D:2)
  4 worms
  A dart slug (D:1)
  7 ball pythons
  6 endoplasms
  2 giant cockroaches
  3 goblins
  5 hobgoblins
  4 jackals (D:1)
  3 quokkas
  3 bats
  A frilled lizard (D:1)
  A kobold (D:1)
  A rat (D:2)
46 creatures vanquished.

Notes
Turn   | Place    | Note
-------+----------+-------------------------------------------
     0 | D:1      | bande the Gargoyle Fighter began the quest for the Orb.
     0 | D:1      | Reached XP level 1. HP: 14/14 MP: 1/1
   198 | D:1      | Reached XP level 2. HP: 19/19 MP: 2/2
   553 | D:1      | Reached XP level 3. HP: 24/24 MP: 3/3
   637 | D:1      | Found a faded altar of an unknown god.
  1020 | D:2      | Reached XP level 4. HP: 19/29 MP: 4/4
  1283 | D:2      | Identified the amulet "Esiqum" {Faith -Cast rC++ Regen+
                  | Stlth+}
  1402 | D:3      | Reached skill level 4 in Fighting
  1431 | D:3      | You fall into a shaft and drop 2 floors!
  1431 | D:5      | Entered Level 5 of the Dungeon
  1540 | D:5      | Noticed a black bear
  1554 | D:5      | Slain by a black bear

Illustrated notes

Levels and vault maps discovered:
D:1:      amcnicky_arrival_underground_garden, layout_loops_corners,
          shapermc_ecumenical_altar_mp_vishouse, minmay_tetromino_s4
D:2:      layout_rooms
D:3:      minmay_skewed_foursquare, layout_rooms, minmay_ruptured
D:5:      layout_basic, gammafunk_temple_overflow_arena, minivault_27

Skill      XL: |  1  2  3  4 |
---------------+-------------+-----
Axes           | 2 3 |  3.2
Fighting       | 4 |  4.0
Armour         | |  3.9
Dodging        | |  0.1
Shields        | |  3.7

Action                   |  1- 3 |  4- 6 || total
-------------------------+-------+-------++-------
Melee: War axe           |    98 |    49 ||   147
  Use: Scroll            |       |     4 ||     4
Armor: Scale mail        |    62 |    49 ||   111
Dodge: Dodged            |    46 |    36 ||    82
Block: Buckler           |    23 |    17 ||    40

Table legend: (Time is in decaauts)
 A = Elapsed time spent in this place.
 B = Non-inter-level travel time spent in this place.
 C = Inter-level travel time spent in this place.
 D = Time resting spent in this place.
 E = Time spent auto-exploring this place.
 F = Levels seen in this place.
 G = Mean time per level.
                   A        B        C        D        E       F      G
               +--------+--------+--------+--------+--------+-----+--------+
         Total |   1614 |   1559 |     55 |      0 |   1168 |   4 |  403.5 |
       Dungeon |   1614 |   1559 |     55 |      0 |   1168 |   4 |  403.5 |
               +--------+--------+--------+--------+--------+-----+--------+

Top non-repeatable levels by time:
     D:1: 983 daAuts
     D:2: 463 daAuts
     D:5: 125 daAuts
     D:3: 42 daAuts
